 Dungeon Crawl Stone Soup version 0.29-a0-559-g359e09b9d1 (webtiles) character file.

Game seed: 6418307487385216915

12 dohliylev the Skirmisher (level 2, 0/27 HPs)
             Began as a Minotaur Fighter on June 10, 2022.
             Slain by Blork the orc
             ... wielding a +0 short sword of venom
              (1 damage)
             ... on level 4 of the Dungeon.
             The game lasted 00:02:36 (1023 turns).

dohliylev the Skirmisher (Minotaur Fighter)         Turns: 1023, Time: 00:02:37

Health: 0/27       AC:  9    Str: 20    XL:     2   Next: 20%
Magic:  1/1        EV:  7    Int:  5    God:
Gold:   54         SH:  9    Dex:  9    Spells: 1/1 levels left

rFire   . . .      SeeInvis .   a - +0 war axe
rCold   . . .      Faith    .   c - +0 buckler
rNeg    . . .      Spirit   .   p - +0 chain mail
rPois   .          Reflect  +   (helmet restricted)
rElec   .          Harm     .   (no cloak)
rCorr   .          Rampage  .   (no gloves)
Will    .....                   (no boots)
Stlth   ..........              l - amulet of reflection
HPRegen 0.09/turn               g - ring of wizardry
MPRegen 0.07/turn               (no ring)

@: lethally poisoned (0 -> -16)
A: horns 2, retaliatory headbutt
a: no special abilities


You were on level 4 of the Dungeon.
You visited 1 branch of the dungeon, and saw 3 of its levels.

You collected 54 gold pieces.

Inventory:

Hand Weapons
 a - a +0 war axe (weapon)
Armour
 c - a +0 buckler (worn)
 p - a +0 chain mail (worn)
Jewellery
 g - a ring of wizardry (left hand)
 l - an amulet of reflection (around neck)
Scrolls
 h - a scroll of enchant weapon
 i - a scroll of teleportation
 j - a scroll of blinking
 k - a scroll of fog {unknown}
 n - a scroll of summoning {unknown}
Potions
 d - a potion of might
 f - 3 potions of curing {unknown}
 m - a potion of degeneration {unknown}
 o - a potion of lignification {unknown}


   Skills:
 + Level 4.0 Fighting
 + Level 2.5 Axes
 + Level 3.9 Armour
 + Level 3.9 Shields


You had one spell level left.
You didn't know any spells.
Your spell library contained the following spells:

 Spells                   Type           Power      Damage    Failure   Level
 Foxfire                  Conj/Fire      0%         2x1d4     93%         1
 Call Canine Familiar     Summ           0%         N/A       100%        3
 Portal Projectile        Hex/Tloc       0%         N/A       100%        3
 Leda's Liquefaction      Hex/Erth       0%         N/A       100%        4


Dungeon Overview and Level Annotations

Branches:
Dungeon (2/15)

Altars:

Annotations:
D:4 Blork the orc


Innate Abilities, Weirdness & Mutations

You have a pair of horns on your head.
You reflexively headbutt those who attack you in melee.


Message History

h - a scroll of enchant weapon
As you read the scroll of identify, it crumbles to dust.
i - a scroll of teleportation
As you read the scroll of identify, it crumbles to dust.
j - a scroll of blinking A giant cockroach comes into view.
Found a leather armour.
Blork the orc comes into view.
He is wielding a +0 short sword of venom.
Blork the orc shouts!
You hear an angry hiss.
Blork the orc casts a spell.
Blork the orc seems to speed up.
You barely miss the giant cockroach. You block the giant cockroach's attack.
The giant cockroach barely misses you.
Blork the orc screams, "I don't like you!"
You closely miss the giant cockroach.
You block the giant cockroach's attack. x2
You slash the giant cockroach!
You kill the giant cockroach!
You closely miss Blork the orc.
An adder comes into view.
Blork the orc casts a spell at you. The puff of flame hits you.
Blork the orc hits you with a +0 short sword of venom.
Your Fighting skill increases to level 4!
You closely miss Blork the orc.
The adder hisses angrily.
Blork the orc hits you with a +0 short sword of venom. x2
You are lethally poisoned!
You slash Blork the orc!
Blork the orc is heavily wounded.
You feel very sick.
Blork the orc hits you with a +0 short sword of venom.
* * * LOW HITPOINT WARNING * * *
Blork the orc hits you but does no damage.
You are more poisoned.
You hit Blork the orc.
Blork the orc is severely wounded.
* * * LOW HITPOINT WARNING * * *
You feel very sick.
Blork the orc hits you with a +0 short sword of venom.
You die...

.. ##.# ...
#.. #..
#.S## #.o[#
#.@#
#..#####
#......#
#.####.# ##.
#.# #.. #.#
#.# #.# #.
#.#
####.#####.#


You could see Blork the orc (fast) and an adder.

Vanquished Creatures
  2 endoplasms (D:1)
  2 giant cockroaches
  A goblin (D:1)
  2 hobgoblins (D:1)
  2 kobolds (D:1)
  A rat (D:1)
10 creatures vanquished.

Notes
Turn   | Place    | Note
-------+----------+-------------------------------------------
     0 | D:1      | dohliylev the Minotaur Fighter began the quest for the Orb.
     0 | D:1      | Reached XP level 1. HP: 19/19 MP: 0/0
   385 | D:1      | Found a faded altar of an unknown god.
   405 | D:1      | Got Plato's Volume of Ignition
   423 | D:1      | Reached XP level 2. HP: 27/27 MP: 1/1
   999 | D:2      | You fall into a shaft and drop 2 floors!
  1016 | D:4      | Noticed Blork the orc
  1021 | D:4      | Reached skill level 4 in Fighting
  1023 | D:4      | HP: 1/27 [poisoned by Blork the orc]
  1023 | D:4      | Slain by Blork the orc

Illustrated notes

Levels and vault maps discovered:
D:1:      co_arrival_square_in_a_square_in_a_square, layout_loops_corners,
          shapermc_ecumenical_altar_rom_forum, minmay_domino_4
D:2:      layout_basic
D:4:      layout_loops_ring, gup_sewer_entry_glass, uniq_robin,
          uniq_blork_the_orc, uniq_grinder

Skill      XL: |  1  2 |
---------------+-------+-----
Fighting       | 4 |  4.0
Axes           | |  2.5
Armour         | |  3.9
Shields        | |  3.9

Action                   || total
-------------------------++-------
Melee: War axe           ||    18
       Headbutt          ||     1
  Use: Scroll            ||     3
Armor: Scale mail        ||     4
       Chain mail        ||     1
Dodge: Dodged            ||     5
Block: Buckler           ||     7

Table legend: (Time is in decaauts)
 A = Elapsed time spent in this place.
 B = Non-inter-level travel time spent in this place.
 C = Inter-level travel time spent in this place.
 D = Time resting spent in this place.
 E = Time spent auto-exploring this place.
 F = Levels seen in this place.
 G = Mean time per level.
                   A        B        C        D        E       F      G
               +--------+--------+--------+--------+--------+-----+--------+
         Total |   1028 |   1008 |     20 |      0 |    864 |   3 |  342.7 |
       Dungeon |   1028 |   1008 |     20 |      0 |    864 |   3 |  342.7 |
               +--------+--------+--------+--------+--------+-----+--------+

Top non-repeatable levels by time:
     D:1: 956 daAuts
     D:2: 46 daAuts
     D:4: 25 daAuts
